cohdb
Replays
Latest Replays
All Replays
Popular Replays
Top Player Replays
Match Explorer
How It Works
Community
CoH3 Stats
Reddit
Sign in to upload your games and track your stats! →
Sign in with Steam
Match 46267480
Unlisted
Match 46267480
Overview
Messages
Build Orders
End
Pioneer Squad
Construct Infanterie Kompanie
MG 42 Machine Gun Team
Selects Terror Battlegroup
Selects Machine Gun Camouflage
MG 42 Machine Gun Team
Grenadier Squad
Construct Luftwaffe Kompanie
Grenadier Squad
Pioneer Squad
Medical Bunker
221 Scout Car
Selects Defend the Fatherland
Support Elements
Jäger Squad
Construct Panzergrenadier Kompanie
Jäger Squad
Luftwaffe Officer Quarters
Nebelwerfer 42 Rocket Launcher Team
Panzergrenadier Officer Quarters
Defend the Fatherland
Wirbelwind Flakpanzer
Wirbelwind Flakpanzer
Side Skirts
Selects King Tiger Heavy Tank
ProxyFox
Ghost
Esxile
Spectre
0
0
Comments
sign in to comment!
No comments posted yet!